 Dungeon Crawl Stone Soup version 0.30-b1-2-g02819fbbbe (webtiles) character file.

Game seed: 4768168288393931280

1866 redmage the Thaumaturge (level 9, -2/62 HPs)
             Began as a Meteoran Earth Elementalist on Aug 30, 2023.
             Was an Initiate of Yredelemnul.
             Slain by a steam dragon (4 damage)
             ... on level 8 of the Dungeon.
             The game lasted 00:19:53 (1091 turns).

redmage the Thaumaturge (MeEE)                      Turns: 1091, Time: 00:19:53

Health: -2/62      AC:  3    Str: 10    XL:     9   Next: 61%
Magic:  15/23      EV: 12    Int: 24    God:    Yredelemnul [......]
Gold:   70         SH:  0    Dex: 15    Spells: 21/27 levels left

rFire   . . .        g - +6 shillelagh "Devastator" {shatter}
rCold   . . .        (no shield)
rNeg    . . .        a - +0 robe
rPois   .            m - +1 hat {Int+3}
rElec   .            (no cloak)
rCorr   .            (no gloves)
SInv    .            (no boots)
Will    +....        (no amulet)
Stlth   +            (no ring)
HPRegen 0.30/turn    (no ring)
MPRegen 0.18/turn

%: no passive effects
@: glowing
A: sense surroundings 2, otherworldly, glowing, explore regen
a: Renounce Religion, Recall Undead Harvest


You were on level 8 of the Dungeon.
You worshipped Yredelemnul.
Yredelemnul was noncommittal.
You visited 1 branch of the dungeon, and saw 8 of its levels.

You collected 70 gold pieces.

Inventory:

Hand Weapons
 g - the +6 shillelagh "Devastator" (weapon) {shatter}
   (You found it on level 3 of the Dungeon)
 k - a +2 dagger of draining
Missiles
 d - 13 poisoned darts
Armour
 a - a +0 robe (worn)
 m - a +1 hat of intelligence (worn)
Wands
 n - a wand of flame (18)
Scrolls
 i - a scroll of fear
 j - 2 scrolls of immolation
Potions
 b - a potion of magic
 e - 2 potions of cancellation
 f - 2 potions of mutation
 h - a potion of flight


   Skills:
 - Level 2.4 Dodging
 - Level 1.4 Stealth
 + Level 9.7 Spellcasting
 - Level 6.0 Conjurations
 - Level 1.2 Transmutations
 + Level 8.9 Earth Magic
 + Level 0.5 Invocations


You had 21 spell levels left.
You knew the following spells:

 Your Spells              Type           Power      Damage    Failure   Level
a - Sandblast             Erth           100%       2d20      1%          1
b - Passwall              Tmut/Erth      30%        N/A       1%          2
c - Stone Arrow           Conj/Erth      94%        3d12      1%          3

Your spell library contained the following spells:

 Spells                   Type           Power      Damage    Failure   Level
 Dazzling Flash           Conj/Hex       52%        N/A       4%          3
 Necrotise                Necr           44%        1d6       5%          1
 Petrify                  Tmut/Erth      36%        N/A       7%          4
 Vampiric Draining        Necr           11%        2d6       16%         3
 Agony                    Necr           11%        N/A       83%         5
 Silence                  Hex/Air        5%         N/A       83%         5


Dungeon Overview and Level Annotations

Branches:
Dungeon (8/15) Zot: 3642
 Temple: D:4-7         Lair: D:8-11

Altars:
Cheibriados
Hepliaklqana
Kikubaaqudgha
Makhleb
Nemelex Xobeh
Ru
Wu Jian
Yredelemnul

Shops:
D:2 ***(

Annotations:
D:7 Pikel


Innate Abilities, Weirdness & Mutations

You passively map the area around you.
You are easily found by Zot.
You glow in the dark.
You regain HP and MP as you explore.


Message History

Press: ? - help, Shift-Dir - straight line, f - steam dragon
Aim: a steam dragon (76% to hit)
The stone arrow hits the steam dragon!!
The steam dragon is heavily wounded.
A killer bee comes into view.
The steam dragon breathes steam at you. The ball of steam misses you.
The killer bee buzzes angrily.
You hear a bellow! x2
You hear an angry buzzing noise.
You are engulfed in a cloud of scalding steam.
The steam dragon attacks as you move away!
The steam dragon bites you. The steam dragon claws you.
You are engulfed in a cloud of scalding steam.
The steam dragon breathes steam at you. The ball of steam hits you!!
You hear a bellow! x2
Casting: Stone Arrow (safe; 1% risk of failure)
Confirm with . or Enter, or press ? or * to list all spells.
Aiming: Stone Arrow (safe; 1% risk of failure)
Press: ? - help, Shift-Dir - straight line, f/p - steam dragon
Aim: a steam dragon (heavily wounded, catching its breath, 76% to hit)
The stone arrow hits the steam dragon!
The steam dragon is almost dead.
You are engulfed in a cloud of scalding steam.
* * * LOW HITPOINT WARNING * * *
The killer bee is engulfed in a cloud of scalding steam. x2
Unknown command.
Casting: Stone Arrow (safe; 1% risk of failure)
Confirm with . or Enter, or press ? or * to list all spells.
Aiming: Stone Arrow (safe; 1% risk of failure)
Press: ? - help, Shift-Dir - straight line, f/p - steam dragon
Aim: a steam dragon (steam, almost dead, catching its breath, 76% to hit)
The stone arrow misses the steam dragon.
The stone arrow hits the killer bee!!
You kill the killer bee!
You are engulfed in a cloud of scalding steam.
* * * LOW HITPOINT WARNING * * *
The steam dragon misses you. The steam dragon claws you.
You die...
Your body rises from the dead as a mindless zombie.

* **
.....##.######.#.. ,
, .................,
,, *
*#######.######.# ,
* #...........# , ,
#...........# , ,,
#...........#, , * ,
#...........# . , ,
########.####...#...
,,,
#§§@D.Y.y.###'''###.
,,,
#.######Y##.......#.
,,....
......#.♣♣♣♣♣.#. *
###.######..#.♣ ,##
#.# #.?#.♣ _ , . #.#
#..#... ,,* *, #.. ,
....##### * , * #..
.......y.., , , **,
, ,.......#.., , ,


You could see a yak and a steam dragon (catching breath).

Vanquished Creatures
  Gastronok (D:8)
  An orc warrior (D:8)
  A black bear (D:6)
  A phantom (D:4)
  A kobold brigand (D:6)
  A scorpion (D:4)
  A bullfrog (D:7)
  2 killer bees (D:8)
  2 orc priests (D:6)
  An iguana (D:5)
  4 orc wizards
  A sleepcap (D:4)
  3 gnolls (D:4)
  4 adders
  18 orcs
  3 ball pythons (D:2)
  5 bats
  3 endoplasms
  A giant cockroach (D:3)
  4 goblins
  2 hobgoblins
  8 jackals
  3 quokkas
  2 frilled lizards (D:2)
  11 kobolds
  2 rats
86 creatures vanquished.

Vanquished Creatures (collateral kills)
  An orc (D:4)
1 creature vanquished.

Vanquished Creatures (others)
  8 orc zombies
8 creatures vanquished.

Grand Total: 95 creatures vanquished

Notes
Turn   | Place    | Note
-------+----------+-------------------------------------------
     0 | D:1      | redmage the Meteoran Earth Elementalist began the quest for
                  | the Orb.
     0 | D:1      | Reached XP level 1. HP: 14/14 MP: 5/5
   102 | D:2      | Found Ybruify's Antique Weapon Emporium.
   111 | D:2      | Reached skill level 3 in Spellcasting
   111 | D:2      | Reached XP level 2. HP: 20/20 MP: 5/7
   116 | D:2      | Learned a level 2 spell: Passwall
   121 | D:2      | Found Omyonijo's Assorted Antiques.
   147 | D:2      | Found Eciur's General Store.
   189 | D:2      | Found Xaul's Assorted Antiques.
   207 | D:2      | Reached XP level 3. HP: 26/26 MP: 3/9
   212 | D:2      | Learned a level 3 spell: Stone Arrow
   299 | D:2      | Reached XP level 4. HP: 27/33 MP: 7/10
   341 | D:3      | Reached skill level 1 in Conjurations
   381 | D:3      | Found a sacrificial altar of Ru.
   416 | D:3      | Reached skill level 4 in Spellcasting
   422 | D:3      | Found a basalt altar of Yredelemnul.
   432 | D:3      | Became a worshipper of Yredelemnul the Dark
   440 | D:3      | Found the +6 shillelagh "Devastator" {shatter}
   466 | D:5      | Entered Level 5 of the Dungeon
   479 | D:5      | Noticed an ogre
   487 | D:4      | Noticed a scorpion
   493 | D:4      | Killed a scorpion
   494 | D:4      | Reached skill level 5 in Earth Magic
   494 | D:4      | Reached XP level 5. HP: 5/38 MP: 7/12
   515 | D:3      | Reached XP level 6. HP: 36/45 MP: 7/13
   580 | D:4      | Reached skill level 5 in Spellcasting
   601 | D:4      | Reached * piety under Yredelemnul
   625 | D:5      | Reached XP level 7. HP: 40/50 MP: 12/15
   714 | D:6      | Found a burning altar of Makhleb.
   786 | D:6      | Reached skill level 6 in Spellcasting
   799 | D:7      | Found a hazy altar of Hepliaklqana.
   819 | D:7      | Reached XP level 8. HP: 25/57 MP: 7/18
   866 | D:7      | Found an ancient bone altar of Kikubaaqudgha.
   869 | D:7      | Found an ornate altar of the Wu Jian Council.
   869 | D:7      | Found a snail-covered altar of Cheibriados.
   872 | D:7      | Found a sparkling altar of Nemelex Xobeh.
   896 | D:7      | Noticed Pikel
   930 | D:8      | Reached skill level 5 in Conjurations
   985 | D:8      | Noticed Gastronok
  1021 | D:8      | Killed Gastronok
  1022 | D:8      | Reached skill level 9 in Spellcasting
  1022 | D:8      | Gained mutation: You passively map the area around you.
                  | [Meteoran growth]
  1022 | D:8      | Reached XP level 9. HP: 38/62 MP: 9/23
  1091 | D:8      | HP: 2/62 [steam dragon] (8)]
  1091 | D:8      | Slain by a steam dragon

Illustrated notes

Levels and vault maps discovered:
D:1:      minmay_arrival_diagonal_passages, layout_loops_ring, serial_aquarium,
          aquarium_bridge_square [aquarium_subvault_bridge,
          aquarium_subvault_bridge, aquarium_subvault_balcony,
          aquarium_subvault_bridge], aquarium_bridge_straight
          [aquarium_subvault_bridge, aquarium_subvault_window,
          aquarium_subvault_bridge, aquarium_subvault_window],
          aquarium_window_2, aquarium_window_3, aquarium_window_corner,
          aquarium_window_1, aquarium_view_2c, aquarium_view_2f,
          aquarium_balcony_double_2, aquarium_pool_four
D:2:      layout_loops_ring, serial_shops, nicolae_shop_tiny_real_fake_doors,
          shop, nicolae_shop_behind_doors, nicolae_shop_tiny_real_fake_doors,
          nicolae_shop_just_a_little_nook
D:3:      layout_basic, nicolae_ru_awakened_eye,
          mainiacjoe_overflow_surrounded_room,
          hellmonk_ecumenical_altar_lost_god, minmay_snake_closets,
          uniq_crazy_yiuf_cottage, uniq_sigmund
D:4:      layout_loops_cross, portal_sewer_entry_e, minmay_tree_intersection,
          uniq_ijyb
D:5:      layout_basic
D:6:      layout_gridville, pf_just_have_faith, old_standard_altar,
          bloody_makhleb, mainiacjoe_overflow_24_doors, fedhas_ov_isle_minmay,
          minmay_temple_entry_hall, uniq_blork_the_orc
D:7:      layout_cave_pools, grunt_temple_overflow_open,
          nicolae_hepliaklqana_hazy_memory, uniq_pikel
D:8:      layout_basic, lemuel_tele_altar, mainiacjoe_overflow_alcove_4,
          enter_bailey_2, uniq_gastronok

Skill      XL: |  1  2  3  4  5  6  7  8 |
---------------+-------------------------+-----
Spellcasting   | 3 4 5 6 9 |  9.7
Earth Magic    | 4 5 6 8 |  8.9
Conjurations   | 2 3 4 6 |  6.0
Dodging        | |  2.4
Stealth        | |  1.4
Transmutations | |  1.2
Invocations    | |  0.5

Action                     |  1- 3 |  4- 6 |  7- 9 || total
---------------------------+-------+-------+-------++-------
  Melee: Shillelagh        |       |     1 |     3 ||     4
   Cast: Sandblast         |    32 |    45 |    55 ||   132
         Passwall          |       |     1 |       ||     1
         Stone Arrow       |       |     2 |    25 ||    27
 Invoke: Recall Undead Har |       |       |     1 ||     1
  Evoke: Wand              |       |       |     1 ||     1
    Use: Scroll            |       |     4 |     3 ||     7
         Potion            |       |       |     1 ||     1
 Armour: Robe              |     5 |     1 |     7 ||    13
  Dodge: Dodged            |    13 |    10 |    21 ||    44
